 Dungeon Crawl Stone Soup version 0.21.1-1-g345015fe64 (webtiles) character file.

666 Peloso the Slasher (level 7, -13/61 HPs)
             Began as a Minotaur Fighter on Apr 14, 2018.
             Mangled by Pikel
             ... wielding a +2 whip of electrocution
              (19 damage)
             ... on level 5 of the Dungeon.
             The game lasted 00:11:02 (4055 turns).

Peloso the Slasher (Minotaur Fighter)               Turns: 4055, Time: 00:11:03

Health: -13/61     AC: 11    Str: 21    XL:     7   Next: 31%
Magic:  6/6        EV:  6    Int:  9    God:
Gold:   222        SH: 10    Dex: 11    Spells: 6/6 levels left

rFire    + . .     SeeInvis .   a - +1 long sword
rCold    . . .     Gourm    .   c - +0 shield
rNeg     . . .     Faith    .   b - +0 chain mail
rPois    .         Spirit   .   (helmet restricted)
rElec    .         Reflect  .   g - +0 cloak
rCorr    .         Harm     .   (no gloves)
MR       .....                  (no boots)
Stlth    ..........             (no amulet)
HPRegen  0.20/turn              r - +4 ring of intelligence
MPRegen  0.10/turn              o - ring of protection from fire

@: no status effects
A: retaliatory headbutt, horns 2
a: no special abilities


You were on level 5 of the Dungeon.
You were not hungry.

You visited 1 branch of the dungeon, and saw 5 of its levels.
You also visited: Ossuary.

You collected 222 gold pieces.

Inventory:

Hand Weapons
 a - a +1 long sword (weapon)
Armour
 b - a +0 chain mail (worn)
 c - a +0 shield (worn)
 g - a +0 cloak (worn)
Jewellery
 l - a +3 ring of intelligence
 o - a ring of protection from fire (right hand)
 r - a +4 ring of intelligence (left hand)
Scrolls
 h - 2 scrolls of fog
 i - a scroll of identify
 k - a scroll of teleportation
 m - a scroll of silence {unknown}
 q - a scroll of enchant weapon
Potions
 d - 2 potions of might
 e - 3 potions of mutation
 j - a potion of haste
 n - a potion of brilliance {unknown}
 p - a potion of lignification {unknown}
 s - 2 potions of curing
Comestibles
 f - 5 rations


   Skills:
 + Level 5.0 Fighting
 + Level 6.2 Long Blades
 + Level 6.1 Armour
 + Level 1.3 Dodging
 + Level 0.4 Stealth
 + Level 5.4 Shields


You had 6 spell levels left.
You didn't know any spells.

Dungeon Overview and Level Annotations

Branches:
Dungeon (5/15)
 Temple: D:4-7

Altars:
Makhleb

Annotations:
D:3 asdpro's ghost, amateur MfGl
D:5 Pikel


Innate Abilities, Weirdness & Mutations

You reflexively headbutt those who attack you in melee.
You have a pair of horns on your head.


Message History

You hit Pikel. You headbutt Pikel, but do no damage.
Pikel is severely wounded.
Pikel hits you with a whip of electrocution.
* * * LOW HITPOINT WARNING * * *
Unknown command.
You hit Pikel but do no damage. Your headbutt misses Pikel.
Pikel is severely wounded.
Pikel hits you with a whip of electrocution.
* * * LOW HITPOINT WARNING * * *
Unknown command.
You slash Pikel!
Pikel is almost dead.
You block Pikel's attack.
Unknown command.
You barely miss Pikel. Your headbutt misses Pikel.
Pikel is almost dead.
Pikel hits you with a whip of electrocution.
* * * LOW HITPOINT WARNING * * *
You are electrocuted!
You die...

########.#.##.#
#.#.##.# #.#.#
#.#....##
#.#.....##
#.#......o
#.#.......
#.#.......
#@#.......
#K#.......
#ppp......
#.#.....##
#.#.....#
..####### ....
....# #.....


You could see Pikel and 2 slaves.

Vanquished Creatures
  2 ogres (D:4)
  A crimson imp (D:5)
  An orc priest (D:2)
  2 hounds (D:4)
  2 orc wizards (D:4)
  Natasha (D:2)
  A worker ant (D:4)
  5 big kobold zombies (Ossuary)
  A mummy (Ossuary)
  5 adders
  2 worms (D:2)
  3 leopard geckos
  8 orcs
  3 spectral bats (Ossuary)
  7 bats
  2 giant cockroaches
  7 gnoll zombies (Ossuary)
  10 hobgoblins
  3 jackals (D:1)
  4 quokkas
  A ball python (D:4)
  A bat simulacrum (Ossuary)
  3 frilled lizards
  5 goblins
  5 goblin simulacra (Ossuary)
  4 goblin zombies (Ossuary)
  4 hobgoblin zombies (Ossuary)
  7 kobolds
  6 kobold simulacra (Ossuary)
  4 kobold zombies (Ossuary)
  6 orc zombies (Ossuary)
  5 rats
  2 rat simulacra (Ossuary)
  A spectral goblin (Ossuary)
  2 spectral kobolds (Ossuary)
  4 spectral rats (Ossuary)
130 creatures vanquished.

Notes
Turn   | Place    | Note
-------+----------+-------------------------------------------
     0 | D:1      | Peloso the Minotaur Fighter began the quest for the Orb.
     0 | D:1      | Reached XP level 1. HP: 19/19 MP: 0/0
    74 | D:1      | Reached XP level 2. HP: 13/27 MP: 1/1
   451 | D:1      | Reached XP level 3. HP: 33/33 MP: 2/2
  1119 | D:2      | Noticed Natasha
  1135 | D:2      | Killed Natasha
  1135 | D:2      | Reached XP level 4. HP: 27/40 MP: 3/3
  1417 | D:3      | Noticed asdpro's ghost (amateur MfGl)
  2035 | D:4      | Reached XP level 5. HP: 44/47 MP: 4/4
  2117 | D:4      | Noticed an ogre
  2125 | D:4      | Killed an ogre
  2125 | D:4      | Reached skill level 5 in Armour
  2125 | D:4      | Reached skill level 1 in Dodging
  2125 | D:4      | Reached skill level 5 in Shields
  2302 | D:4      | Reached XP level 6. HP: 53/53 MP: 5/5
  2422 | D:4      | Reached skill level 5 in Long Blades
  2989 | D:4      | Found a burning altar of Makhleb.
  3203 | D:5      | Entered Level 5 of the Dungeon
  3224 | D:5      | Found a sand-covered staircase.
  3239 | Ossuary  | Entered an ossuary
  3476 | Ossuary  | Reached XP level 7. HP: 60/60 MP: 6/6
  3794 | Ossuary  | Reached skill level 5 in Fighting
  4036 | D:5      | Noticed Pikel
  4055 | D:5      | Mangled by Pikel

Skill      XL: |  1  2  3  4  5  6  7 |
---------------+----------------------+-----
Armour         | 4 5 6 |  6.1
Fighting       | 4 5 |  5.0
Shields        | 4 5 |  5.4
Long Blades    | 3 4 5 6 |  6.2
Dodging        | 1 |  1.3
Stealth        | |  0.4

Action                   |  1- 3 |  4- 6 |  7- 9 || total
-------------------------+-------+-------+-------++-------
Melee: Long sword        |    96 |   152 |   115 ||   363
       Headbutt          |     8 |    34 |    28 ||    70
  Use: Scroll            |       |     9 |     1 ||    10
  Eat: Chunk             |     1 |     6 |       ||     7
       Ration            |       |       |     1 ||     1
Armor: Scale mail        |    53 |    23 |       ||    76
       Chain mail        |       |    23 |    32 ||    55
Dodge: Dodged            |    30 |    42 |     9 ||    81
Block: Shield            |    58 |    70 |    34 ||   162
       Rpst.: Long sword |     8 |    10 |     2 ||    20
